 Dungeon Crawl Stone Soup version 0.17.0-22-g5edae84 (console) character file.

49 gw the Cudgeler (level 3, -1/29 HPs)
             Began as a Demonspawn Chaos Knight on Nov 12, 2015.
             Slain by a worm (7 damage)
             ... on level 2 of the Dungeon.
             The game lasted 00:01:44 (1566 turns).

gw the Cudgeler (Demonspawn Chaos Knight)           Turns: 1566, Time: 00:01:44

Health: -1/29      AC:  5    Str: 12    XL:     3   Next: 51%
Magic:  3/3        EV: 10    Int: 13    God:    Xom [...*..]
Gold:   38         SH:  0    Dex: 13    Spells: 0 memorised, 2 levels left

rFire  . . .     SeeInvis .     a - +0 mace (chaos)
rCold  . . .     Clarity  .     f - +0 ring mail
rNeg   . . .     SustAt   .     (no shield)
rPois  .         Gourm    .     (no helmet)
rElec  .         Spirit   .     (no cloak)
rCorr  .         Warding  .     (no gloves)
rMut   .         Stasis   .     (no boots)
MR     .....                    (no amulet)
Stlth  +.........               (no ring)
                                (no ring)

@: not resistant to hostile enchantments, very unstealthy
A: hooves 1, nightstalker 1
a: Renounce Religion


You were on level 2 of the Dungeon.
You worshipped Xom.
You were a favourite toy of Xom.
You were not hungry.

You visited 1 branch of the dungeon, and saw 2 of its levels.

You collected 38 gold pieces.

Inventory:

Hand Weapons
 a - a +0 mace of chaos (weapon)
Missiles
 e - 19 poisoned needles
Armour
 f - a +0 ring mail (worn)
Comestibles
 c - 3 bread rations


   Skills:
 + Level 3.2 Fighting
 * Level 3.3 Maces & Flails
 + Level 1.2 Throwing
 + Level 2.2 Armour
 - Level 0.8 Dodging


You had 2 spell levels left.
You didn't know any spells.

Dungeon Overview and Level Annotations

Branches:
Dungeon (2/15)

Altars:


Innate Abilities, Weirdness & Mutations

You have large cloven feet.
You are slightly more attuned to the shadows.


Message History

ATTACKING (1,0)
You barely miss the worm. You kick the worm, but do no damage.
The worm completely misses you.
Unknown command.
Unknown command.
Unknown command.
Unknown command.
ATTACKING (1,0)
You hit the worm. You burn the worm.
The worm is moderately wounded.
Unknown command.
Unknown command.
Unknown command.
Unknown command.
ATTACKING (1,0)
You hit the worm.
Space bends around the worm.
The worm is heavily wounded.
The worm bites you!
You die... "Huh?
Did I miss anything?"

#.(.....#
##(######
######.#######
.......(......
######.(#####
##(###
###...####
##....$...#
#.6w(.....#
..............#
#########..####
####


You could see a worm.

Table legend:
 A = Turns spent in this place as a percentage of turns spent in the entire game.
 B = Non-inter-level travel turns spent in this place as a percentage of non-inter-level travel turns spent in the entire game.
 C = Inter-level travel turns spent in this place as a percentage of turns spent in this place.
 D = Turns resting spent in this place as a percentage of non-inter-level travel turns spent in this place.
 E = Turns spent auto-exploring this place as a percentage of non-inter-level travel turns spent in this place.
 F = Non-inter-level travel turns spent in this place divided by the number of levels of this place that you've seen.
                   A       B       C       D       E      F
               +-------+-------+-------+-------+-------+----------------------
         Total | 100.0 | 100.0 |   0.4 |   0.6 |   2.3 | 1241.0
       Dungeon | 100.0 | 100.0 |   0.4 |   0.6 |   2.3 | 1241.0
               +-------+-------+-------+-------+-------+----------------------

Table legend:
 A = Kills in this place as a percentage of kills in entire the game.
 B = Kills by you in this place as a percentage of kills by you in the entire game.
 C = Kills by friends in this place as a percentage of kills by friends in the entire game.
 D = Other kills in this place as a percentage of other kills in the entire game.
 E = Experience gained in this place as a percentage of experience gained in the entire game.
 F = Experience gained in this place divided by the number of levels of this place that you have seen.
                   A       B       C       D       E      F
               +-------+-------+-------+-------+-------+----------------------
         Total | 100.0 | 100.0 |  -nan | 100.0 | 100.0 |  35.0
       Dungeon | 100.0 | 100.0 |  -nan | 100.0 | 100.0 |  35.0
               +-------+-------+-------+-------+-------+----------------------

Vanquished Creatures
  An adder (D:2)
  A worm (D:2)
  2 giant geckos (D:1)
  7 bats
  A giant cockroach (D:2)
  7 goblins
  4 hobgoblins
  4 giant newts (D:1)
  4 kobolds
  3 rats
34 creatures vanquished.

Vanquished Creatures (others)
  A bat (D:2)
1 creature vanquished.

Grand Total: 35 creatures vanquished

Notes
Turn   | Place    | Note
--------------------------------------------------------------
     0 | D:1      | gw the Demonspawn Chaos Knight began the quest for the Orb.
     0 | D:1      | Reached XP level 1. HP: 18/18 MP: 1/1
   288 | D:1      | XOM: harmless Air miscast
   342 | D:1      | XOM: noise
   348 | D:1      | Gained mutation: You are slightly more attuned to the shadows. [demonic ancestry]
   348 | D:1      | Reached XP level 2. HP: 24/24 MP: 2/2
   814 | D:1      | XOM: silly message
  1159 | D:2      | Gained mutation: You have large cloven feet. [demonic ancestry]
  1159 | D:2      | Reached XP level 3. HP: 29/29 MP: 3/3
  1211 | D:2      | Reached skill level 1 in Throwing
  1517 | D:2      | XOM: smoke on damage
  1566 | D:2      | Slain by a worm

Action                   || total
-------------------------++-------
Melee: Mace              ||   109
Throw: Stone             ||   121
  Eat: Chunk             ||     2

Vault maps used:
D:1:      elethiomel_arrival_maze
D:2:      ashenzari_altar_1, first_bread, uniq_crazy_yiuf_cottage
